 Dungeon Crawl Stone Soup version 0.23.2-33-g5129a83184 (webtiles) character file.

Game seed: 17618305948648384266

130 funkygono the Skirmisher (level 5, -3/43 HPs)
             Began as a Formicid Abyssal Knight on July 20, 2019.
             Was a Believer of Lugonu.
             Slain by a gnoll
             ... wielding a +0 club
              (5 damage)
             ... on level 3 of the Dungeon.
             The game lasted 00:04:13 (2878 turns).

funkygono the Skirmisher (Formicid Abyssal Knight)  Turns: 2878, Time: 00:04:14

Health: -3/43      AC:  4    Str: 18    XL:     5   Next: 36%
Magic:  6/6        EV:  6    Int: 11    God:    Lugonu [**....]
Gold:   49         SH:  0    Dex: 10    Spells: 4/4 levels left

rFire    . . .     SeeInvis +   a - +2 mace
rCold    . . .     Gourm    .   (no shield)
rNeg     . . .     Faith    +   b - +1 leather armour
rPois    .         Spirit   .   (helmet unavailable)
rElec    .         Reflect  .   (no cloak)
rCorr    .         Harm     .   (no gloves)
MR       .....                  (no boots)
Stlth    +.........             j - amulet of faith
HPRegen  0.14/turn              (no ring)
MPRegen  0.10/turn              (no ring)

@: flying, held
A: permanent stasis, dig shafts and tunnels, four strong arms, antennae 3
a: Dig, Shaft Self, Depart the Abyss, Bend Space, Renounce Religion


You were on level 3 of the Dungeon.
You worshipped Lugonu.
Lugonu was pleased with you.
You were not hungry.

You visited 1 branch of the dungeon, and saw 3 of its levels.
You visited the Abyss 1 time.

You collected 49 gold pieces.

Inventory:

Hand Weapons
 a - a +2 mace (weapon)
Missiles
 d - 69 stones (quivered)
Armour
 b - a +1 leather armour (worn)
 i - a +0 buckler
Jewellery
 j - an amulet of faith (around neck)
Scrolls
 f - 4 scrolls of identify
 g - 2 scrolls of fear {unknown}
 h - a scroll of random uselessness {unknown}
 k - a scroll of teleportation {unknown}
Potions
 e - a potion of flight
Comestibles
 c - 6 rations


   Skills:
 + Level 4.3 Fighting
 + Level 3.6 Maces & Flails
 + Level 2.9 Armour
 + Level 1.5 Dodging
 + Level 0.3 Stealth
 + Level 2.2 Invocations


You had 4 spell levels left.
You didn't know any spells.
Your spell library was empty.

Dungeon Overview and Level Annotations

Branches:
Dungeon (3/15)

Altars:
Fedhas
Makhleb


Innate Abilities, Weirdness & Mutations

You cannot be hasted, slowed, berserked, paralysed or teleported.
You can dig through walls and to a lower floor.
Your four strong arms can wield two-handed weapons with a shield.
You have a pair of large antennae on your head. (SInv)


Message History

The gnoll is severely wounded.
The gnoll hits you but does no damage. The gnoll hits you with a +0 club.
* * * LOW HITPOINT WARNING * * *
The gnoll hits you with a +0 spear.
* * * LOW HITPOINT WARNING * * *
You thump the gnoll!
You kill the gnoll!
Lugonu accepts your kill. The gnoll hits you with a +0 club.
* * * LOW HITPOINT WARNING * * *
The gnoll throws a stone.
The stone hits you but does no damage.
The gnoll throws a throwing net.
The throwing net hits you.
You become entangled in the net!
It was a potion of flight.
You feel very buoyant.
You fly up into the air.
The gnoll hits you with a +0 club.
* * * LOW HITPOINT WARNING * * *
The gnoll throws a stone.
The stone barely misses you.
You struggle against the net.
The gnoll hits you with a +0 club.
You die...

.........................
.....#######.###.########
###..#.......# #.##
#....#.####.####..# .
#.#..#)#.......#..######...
#....).).....# #...........
.####..#<..#.# #...........
. .....##### #†#####.....
.####.#.. #@##.# #...
#.#.## #.gg#### .. ..#.#
#?....g...
####.#...........#
.#.>......##.. ..).....##..
.......#. .. ....... . ..


You could see 3 gnolls.

Vanquished Creatures
  An orc priest (D:3)
  An orc wizard (D:2)
  A gnoll (D:3)
  An ooze (D:3)
  A dart slug (D:3)
  3 orcs (D:3)
  A giant cockroach (D:1)
  9 goblins
  8 hobgoblins
  6 jackals
  6 kobolds (D:1)
  A quokka (D:3)
  6 bats (D:1)
  A frilled lizard (D:2)
  5 rats
51 creatures vanquished.

Notes
Turn   | Place    | Note
-------+----------+-------------------------------------------
     0 | Abyss:1  | funkygono the Formicid Abyssal Knight began the quest for
                  | the Orb.
     0 | Abyss:1  | Reached XP level 1. HP: 18/18 MP: 2/2
     4 | Abyss:1  | Found a corrupted altar of Lugonu.
   117 | Abyss:1  | Noticed an ancient zyme
   117 | Abyss:1  | Noticed an ancient zyme
   135 | D:1      | Escaped the Abyss
   509 | D:1      | Reached * piety under Lugonu
   509 | D:1      | Reached XP level 2. HP: 22/24 MP: 3/3
   756 | D:1      | Reached skill level 1 in Dodging
   818 | D:1      | Reached XP level 3. HP: 29/30 MP: 4/4
  1008 | D:1      | Reached skill level 4 in Fighting
  1643 | D:2      | Reached ** piety under Lugonu
  1970 | D:2      | Found a burning altar of Makhleb.
  1972 | D:2      | Found a blossoming altar of Fedhas.
  2138 | D:2      | Reached XP level 4. HP: 10/37 MP: 5/5
  2464 | D:3      | HP: 1/37 [orc priest/divine providence (11)]
  2467 | D:3      | Reached XP level 5. HP: 1/42 MP: 0/6
  2877 | D:3      | HP: 2/43 [gnoll/+0 club (5)]
  2878 | D:3      | Slain by a gnoll

Skill      XL: |  1  2  3 |
---------------+----------+-----
Dodging        | 1 |  1.5
Fighting       | 4 |  4.3
Maces & Flails | 3 |  3.6
Armour         | |  2.9
Stealth        | |  0.3
Invocations    | |  2.2

Action                   |  1- 3 |  4- 6 || total
-------------------------+-------+-------++-------
Melee: Mace              |   118 |    40 ||   158
Invok: Depart the Abyss  |     1 |       ||     1
       Bend Space        |     1 |       ||     1
  Use: Scroll            |     5 |       ||     5
       Potion            |       |     1 ||     1
  Eat: Chunk             |     4 |     2 ||     6
Armor: Leather armour    |    52 |    11 ||    63
Dodge: Dodged            |    93 |    29 ||   122
